 Dungeon Crawl Stone Soup version 0.30-a0-23-ge60ba3568b (webtiles) character file.

Game seed: 1415545601485197791

58 Shayle the Sneak (level 3, -4/20 HPs)
             Began as a Vampire Enchanter on Aug 25, 2022.
             Slain by a worm (10 damage)
             ... on level 2 of the Dungeon.
             The game lasted 00:03:27 (1444 turns).

Shayle the Sneak (Vampire Enchanter)                Turns: 1444, Time: 00:03:28

Health: -4/20      AC:  3    Str:  9    XL:     3   Next: 76%
Magic:  6/6        EV: 12    Int: 17    God:
Gold:   98         SH:  0    Dex: 14    Spells: 6/6 levels left

rFire   . . .      SeeInvis +    a - +1 dagger
rCold   + + .      Faith    .    (no shield)
rNeg    + + +      Spirit   .    b - +0 robe
rPois   ∞          Reflect  .    (no helmet)
rElec   .          Harm     .    (no cloak)
rCorr   +          Rampage  .    (no gloves)
Will    .....                    l - +0 pair of boots
Stlth   ++++++....               (no amulet)
HPRegen 0.00/turn                f - ring "Xuhera" {Fly rN+ rCorr SInv Stlth+}
MPRegen 0.10/turn                (no ring)

@: flying, bloodless, inhibited regen
A: bloodless, fangs 3, see invisible, vampiric 2
a: Bat Form, Revivify


You were on level 2 of the Dungeon.
You visited 1 branch of the dungeon, and saw 2 of its levels.

You collected 98 gold pieces.

Inventory:

Hand Weapons
 a - a +1 dagger (weapon)
 i - a +3 whip
Armour
 b - a +0 robe (worn)
 l - a +0 pair of boots (worn)
Jewellery
 f - the ring "Xuhera" (left hand) {Fly rN+ rCorr SInv Stlth+}
   (You acquired it on level 1 of the Dungeon)

   [ring of resist corrosion]

   rN:        It protects you from negative energy.
   SInv:      It lets you see invisible.
   Fly:       It grants you flight.
   rCorr:     It protects you from acid and corrosion.
   Stlth:     It makes you more stealthy.
Scrolls
 d - 2 scrolls of vulnerability {unknown}
 e - a scroll of blinking
 g - a scroll of immolation {unknown}
 h - a scroll of identify {unknown}
 j - 2 scrolls of teleportation {unknown}
 m - a scroll of butterflies {unknown}
 n - a scroll of poison {unknown}
 p - a scroll of magic mapping {unknown}
Potions
 c - a potion of invisibility


   Skills:
 + Level 1.1 Fighting
 - Level 1.1 Short Blades
 + Level 2.8 Dodging
 * Level 5.7 Stealth
 + Level 2.4 Spellcasting
 - Level 4.4 Hexes


You had 6 spell levels left.
You didn't know any spells.
Your spell library contained the following spells:

 Spells                   Type           Power      Damage    Failure   Level
 Confusing Touch          Hex            17%        N/A       9%          3
 Tukima's Dance           Hex            17%        N/A       9%          3
 Ensorcelled Hibernation  Hex/Ice        18%        N/A       12%         2
 Dazzling Flash           Conj/Hex       18%        N/A       22%         3
 Ozocubu's Armour         Ice            2%         N/A       50%         3
 Ozocubu's Refrigeration  Ice            1%         4d7       100%        7


Dungeon Overview and Level Annotations

Branches:
Dungeon (2/15)

Altars:


Innate Abilities, Weirdness & Mutations

You do not regenerate when monsters are visible.
You are frail without blood (-20% HP).
You can heal yourself when you bite living creatures.
You are immune to poison.
You have razor-sharp teeth.
You have supernaturally acute eyesight. (SInv)
You are afflicted with vampirism and can become a bat while bloodless.


Message History

Your extra speed is starting to run out.
You start resting.
You feel yourself slow down.
You start resting.
HP restored.
A worm comes into view.
A worm comes into view.
Found a stone staircase leading down.
You see here Ozocubu's Autobiography.
You pick up Ozocubu's Autobiography and begin reading...
You add the spells Ozocubu's Armour and Ozocubu's Refrigeration to your library.
The worm bites you!
You hit the worm.
The worm is lightly wounded.
You hit the worm.
The worm is moderately wounded.
The worm bites you.
You hit the worm.
The worm is moderately wounded.
You hit the worm.
The worm is heavily wounded.
The worm closely misses you.
You barely miss the worm. You bite the worm.
The worm is severely wounded.
You hit the worm.
The worm is almost dead.
The worm bites you.
* * * LOW HITPOINT WARNING * * *
You hit the worm.
The worm is almost dead.
The worm bites you but does no damage.
You hit the worm.
You kill the worm!
You barely miss the worm. You hit the worm but do no damage.
The worm closely misses you.
You hit the worm.
The worm is lightly wounded.
The worm bites you!
Ouch! That really hurt!
You die...

.........# #........#
#.>......# #........#
+........# #........#
+........#
#.##........########
............w@.....#
#####.#..######..#.###
#.....#..............
#
..#....#######.#..###
. ## #.#### #.#....# .
. #...# #.#.##.# .. .
###)# #.#.##.#..# .
#.# #####.#......... .
#.# #.....#....##... .


You could see a worm.

Vanquished Creatures
  An adder (D:2)
  2 worms (D:2)
  4 ball pythons
  5 bats
  2 endoplasms (D:1)
  A giant cockroach (D:2)
  3 goblins
  4 hobgoblins
  11 kobolds
  A quokka (D:2)
  A frilled lizard (D:2)
  4 rats
39 creatures vanquished.

Vanquished Creatures (others)
  A ball python (D:2)
1 creature vanquished.

Grand Total: 40 creatures vanquished

Notes
Turn   | Place    | Note
-------+----------+-------------------------------------------
     0 | D:1      | Shayle the Vampire Enchanter began the quest for the Orb.
     0 | D:1      | Reached XP level 1. HP: 13/13 MP: 3/3
    83 | D:1      | Identified a scroll of acquirement
    83 | D:1      | Acquired the ring "Xuhera" {Fly rN+ rCorr SInv Stlth+}
   105 | D:1      | Found a faded altar of an unknown god.
   109 | D:1      | Reached XP level 2. HP: 20/20 MP: 5/5
   161 | D:1      | Reached skill level 5 in Stealth
   554 | D:2      | Gained mutation: You are afflicted with vampirism and can
                  | become a bat while bloodless. [Vampire growth]
   554 | D:2      | Reached XP level 3. HP: 25/25 MP: 6/6
   573 | D:2      | Reached skill level 1 in Fighting
  1444 | D:2      | Slain by a worm

Illustrated notes

Levels and vault maps discovered:
D:1:      psy_arrival_dodecagon, layout_rooms,
          dreamdust_ecumenical_altar_statues
D:2:      layout_basic, serial_shops, shop_fountains

Skill      XL: |  1  2  3 |
---------------+----------+-----
Stealth        | 5 |  5.7
Fighting       | 1 |  1.1
Short Blades   | |  1.1
Dodging        | |  2.8
Spellcasting   | |  2.4
Hexes          | |  4.4

Action                   || total
-------------------------++-------
Melee: Dagger            ||   104
       Bite              ||     6
       Punch             ||     1
 Abil: Exsanguinate      ||     1
  Use: Scroll            ||     3
       Potion            ||     3
 Stab: Sleeping          ||    22
       Invisible         ||     2
Armor: Robe              ||    14
Dodge: Dodged            ||    43

Table legend: (Time is in decaauts)
 A = Elapsed time spent in this place.
 B = Non-inter-level travel time spent in this place.
 C = Inter-level travel time spent in this place.
 D = Time resting spent in this place.
 E = Time spent auto-exploring this place.
 F = Levels seen in this place.
 G = Mean time per level.
                   A        B        C        D        E       F      G
               +--------+--------+--------+--------+--------+-----+--------+
         Total |   1417 |   1403 |     14 |    423 |    582 |   2 |  708.5 |
       Dungeon |   1417 |   1403 |     14 |    423 |    582 |   2 |  708.5 |
               +--------+--------+--------+--------+--------+-----+--------+

Top non-repeatable levels by time:
     D:2: 940 daAuts
     D:1: 477 daAuts
